Map: King's Cove LE

Players

RiSky

  • Race: Zerg Zerg
  • Spawn Location: 11:00

Creed - Winner!

  • Race: Terran Terran
  • Spawn Location: 5:00

Event: 2019 WCS Summer

VOD

Have the link to the VOD?

Description

Time

  • Played on: July 12, 2019, 6:39 a.m.
  • Length: 13:06

All games in this series

Show
View Real Time Build Order
Export as new Build Order

RiSky Zerg 

Build Orders: Hatch First, Muta Ling Bane, Swarm Host 

Get SALT Encoding   

  12  0:00  Drone  
  13  0:12  Overlord  
  13  0:17  Drone  
  14  0:30  Drone x2  
  16  0:49  Hatchery  
  15  0:52  Drone  
  15  0:56  Drone  
  17  0:59  Drone  
  18  1:10  Extractor  
  17  1:15  Spawning Pool  
  16  1:18  Drone  
  16  1:22  Drone  
  18  1:28  Drone  
  19  1:38  Drone  
  20  1:49  Overlord  
  20  2:01  Queen x2  
  20  2:02  Zergling x2  
  20  2:03  Zergling x2  
  26  2:11  Drone  
  26  2:12  Drone  
  26  2:15  Metabolic Boost  
  28  2:23  Drone x2  
  30  2:32  Drone  
  30  2:33  Drone  
  31  2:38  Queen  
  33  2:45  Overlord  
  33  2:47  Drone  
  34  2:59  Drone x2  
  36  3:06  Hatchery  
  36  3:09  Drone  
  36  3:10  Drone  
  36  3:11  Drone  
  37  3:15  Drone x2  
  37  3:18  Overlord  
  37  3:19  Drone  
  40  3:20  Drone  
  40  3:24  Drone x2  
  43  3:35  Queen x2  
  43  3:41  Overlord  
  47  3:43  Drone  
  47  3:46  Drone x2  
  50  3:49  Drone  
  51  3:56  Overlord  
  51  4:01  Zergling x6  
  51  4:02  Zergling x6  
  57  4:05  Baneling Nest  
  57  4:06  Overlord  
  56  4:17  Queen  
  56  4:20  Drone x2, Queen  
  56  4:21  Drone  
  63  4:25  Lair  
  63  4:29  Zergling x2  
  63  4:30  Zergling x2  
  65  4:32  Drone  
  65  4:35  Drone  
  67  4:38  Drone  
  67  4:41  Drone  
  67  4:42  Extractor x2  
  67  4:45  Drone, Overlord  
  67  4:46  Drone x3  
  67  4:47  Drone  
  67  4:51  Drone x2  
  74  4:58  Spore Crawler  
  74  4:59  Queen, Spore Crawler  
  73  5:01  Spore Crawler  
  73  5:05  Zergling x4  
  74  5:10  Overlord  
  74  5:11  Overlord  
  74  5:15  Overlord  
  74  5:21  Overlord  
  74  5:26  Overlord  
  74  5:28  Baneling x2, Queen x2  
  74  5:29  Drone x2  
  74  5:31  Overseer  
  74  5:33  Drone x2  
  74  5:35  Drone  
  83  5:40  Drone x2  
  83  5:41  Drone x2  
  87  5:46  Drone  
  87  5:47  Spore Crawler  
  87  5:48  Drone x2  
  89  5:54  Drone  
  90  5:58  Drone x4  
  90  5:59  Drone  
  90  6:00  Extractor  
  90  6:01  Extractor, Evolution Chamber  
  90  6:02  Drone, Evolution Chamber  
  92  6:05  Overlord  
  92  6:07  Overseer  
  92  6:08  Drone x2  
  94  6:15  Drone  
  94  6:17  Drone x2  
  97  6:19  Centrifical Hooks  
  97  6:23  Baneling x2, Queen  
  97  6:29  Overlord  
  88  6:33  Zergling x10  
  88  6:34  Spire  
  88  6:36  Zergling x6  
  94  6:43  Drone  
  94  6:47  Drone  
  96  6:51  Zergling x16  
  103  6:57  Zergling x8  
  95  7:09  Drone x2  
  95  7:14  Zerg Melee Weapons Level 1  
  97  7:17  Hatchery  
  97  7:19  Drone x2  
  97  7:20  Drone x2  
  100  7:28  Drone  
  98  7:36  Drone  
  94  7:37  Drone  
  94  7:39  Drone  
  94  7:40  Drone, Extractor  
  93  7:44  Zergling x2  
  91  7:52  Mutalisk x3  
  91  7:54  Mutalisk x4  
  105  8:01  Overlord  
  102  8:05  Mutalisk  
  102  8:06  Mutalisk  
  102  8:07  Overlord  
  102  8:08  Baneling x2  
  103  8:13  Overlord  
  101  8:20  Infestation Pit, Drone x4  
  101  8:21  Drone x3  
  101  8:25  Drone, Zerg Ground Armor Level 1  
  101  8:26  Drone x4  
  109  8:30  Drone  
  109  8:31  Drone  
  109  8:33  Zerg Flyer Weapons Level 1  
  111  8:36  Drone x2  
  111  8:39  Baneling x2  
  113  8:44  Drone x3  
  116  8:50  Overlord  
  116  8:56  Extractor  
  116  8:58  Extractor  
  116  9:02  Nydus Network  
  113  9:04  Drone x3  
  113  9:05  Drone x3  
  113  9:09  Zergling x12  
  125  9:12  Overlord  
  125  9:13  Overlord  
  125  9:14  Overlord  
  125  9:18  Swarm Host x4  
  125  9:20  Overlord  
  137  9:24  Swarm Host  
  137  9:25  Swarm Host  
  137  9:31  Swarm Host x3  
  143  9:34  Swarm Host x2  
  143  9:36  Zerg Missile Weapons Level 1  
  158  9:40  Baneling x4  
  158  9:41  Swarm Host  
  161  9:47  Swarm Host x3  
  161  9:49  Zergling x2  
  161  9:50  Zergling x4  
  161  9:52  Baneling x4  
  173  9:54  Zergling x6  
  173  9:56  Baneling x4  
  173  9:59  Zergling x2  
  175  10:03  Zergling x6  
  175  10:21  Nydus Canal  
  175  10:22  Zergling x4  
  172  10:29  Pneumatized Carapace  
  172  10:35  Zergling x18  
  168  10:40  Zergling x12  
  171  10:43  Baneling x16  
  171  10:45  Zergling x2  
  158  10:55  Zergling x14  
  137  11:18  Overseer  
  137  11:19  Hatchery  
  137  11:20  Hatchery  
  137  11:21  Nydus Canal  
  135  11:25  Drone  
  135  11:26  Drone x8  
  135  11:29  Mutalisk  
  146  11:38  Mutalisk x3  
  137  11:46  Zergling x6  
  130  11:56  Zergling x2  
  130  11:57  Zergling x10  
  130  11:59  Nydus Canal  
  136  12:01  Zergling x4  
  136  12:06  Zergling x2  
  136  12:07  Baneling x9  
  139  12:10  Drone  
  139  12:11  Drone  
  139  12:13  Nydus Canal  
  141  12:15  Zergling x2  
  141  12:16  Zergling x4  
  141  12:20  Zergling x4  
  144  12:29  Zergling x2  
  131  12:30  Zergling x8  
  131  12:33  Zergling x4  
  124  12:40  Zergling x4  
  124  12:41  Zergling x2  
  120  12:44  Zergling x4  
Show
View Real Time Build Order
Export as new Build Order

Creed Terran - Winner!

Build Orders: Liberator Opening, Reaper Expand 

Get SALT Encoding   

  12  0:00  SCV  
  13  0:12  SCV  
  14  0:18  Supply Depot  
  14  0:24  SCV  
  15  0:39  SCV  
  15  0:40  Barracks  
  16  0:45  Refinery  
  16  0:51  SCV  
  17  1:03  SCV  
  18  1:15  SCV  
  19  1:28  Orbital Command  
  19  1:29  Reaper  
  20  1:41  Command Center  
  20  1:51  Supply Depot  
  20  1:53  SCV  
  21  2:01  Marine  
  22  2:05  SCV  
  23  2:11  Factory  
  23  2:17  Refinery, SCV  
  24  2:24  Barracks Reactor  
  24  2:29  SCV  
  25  2:42  SCV  
  26  2:54  SCV  
  26  2:55  Orbital Command  
  26  2:57  Starport  
  27  3:06  SCV  
  28  3:16  Hellion  
  28  3:17  Barracks Tech Lab, Hellion  
  28  3:18  SCV  
  28  3:19  Refinery  
  33  3:21  SCV  
  34  3:30  SCV  
  34  3:31  Supply Depot  
  34  3:33  SCV  
  36  3:38  Hellion x2  
  40  3:41  Viking  
  40  3:46  SCV x2  
  44  3:56  Fusion Core  
  44  3:58  SCV x2  
  44  3:59  Liberator  
  46  4:04  Supply Depot  
  46  4:08  Hellion x2  
  53  4:17  SCV  
  54  4:26  SCV  
  54  4:29  SCV  
  54  4:30  Hellion x2  
  60  4:38  SCV  
  61  4:43  Supply Depot  
  61  4:47  Advanced Ballistics  
  61  4:49  Command Center  
  61  4:55  SCV  
  61  4:59  Liberator  
  62  5:05  SCV  
  63  5:16  Hellion x2  
  70  5:25  Refinery, Armory  
  70  5:27  Armory  
  70  5:35  Supply Depot  
  70  5:36  Supply Depot  
  70  5:43  Liberator  
  72  5:57  SCV x2  
  72  5:59  Hellion x2  
  79  6:08  Orbital Command  
  79  6:09  SCV x2  
  79  6:10  Barracks Tech Lab  
  81  6:13  Factory x2  
  81  6:21  SCV x2  
  83  6:26  Hellion x2  
  85  6:33  SCV  
  85  6:38  SCV  
  85  6:39  Orbital Command  
  87  6:47  Hellion  
  87  6:48  Hellion  
  87  6:49  Terran Vehicle And Ship Armor Level 1  
  87  6:51  Terran Vehicle Weapons Level 1  
  91  6:57  Factory x2  
  82  7:02  SCV  
  82  7:05  Starport Reactor  
  71  7:09  Hellion x2  
  71  7:13  SCV x2  
  71  7:15  SCV  
  77  7:16  Cyclone  
  77  7:17  Mag-Field Accelerator  
  77  7:22  Infernal Pre-Igniter  
  76  7:37  SCV x2  
  78  7:48  Factory Reactor, Hellion x2  
  78  7:49  Factory Tech Lab  
  82  7:51  SCV x2  
  82  7:52  Refinery, SCV  
  82  7:53  Refinery, Command Center  
  82  7:54  Cyclone x2  
  82  7:57  Liberator  
  91  8:03  SCV  
  91  8:04  SCV  
  93  8:07  Cyclone  
  93  8:09  SCV  
  94  8:15  SCV  
  94  8:16  SCV  
  94  8:18  Supply Depot  
  94  8:19  Supply Depot  
  99  8:21  SCV  
  99  8:23  Liberator  
  99  8:26  Engineering Bay  
  100  8:28  Cyclone  
  100  8:40  Hellion x2  
  100  8:41  Cyclone x2  
  113  8:49  SCV x3  
  113  8:52  Missile Turret  
  113  8:54  Terran Vehicle Weapons Level 2, Missile Turret  
  115  9:01  Missile Turret  
  115  9:05  Missile Turret  
  115  9:07  Liberator x2, Supply Depot  
  115  9:09  Supply Depot x2  
  115  9:13  Missile Turret, SCV x2  
  117  9:24  SCV, Cyclone x2  
  117  9:25  Terran Vehicle And Ship Armor Level 2, Missile Turret  
  130  9:37  Missile Turret, Hellion x3  
  130  9:38  Missile Turret  
  136  9:40  Hellion  
  136  9:42  Planetary Fortress  
  136  9:44  SCV x2  
  140  9:50  Liberator  
  139  9:53  SCV  
  139  9:56  SCV  
  139  9:57  Cyclone x2  
  139  9:58  Hellion x2  
  151  10:11  Supply Depot  
  151  10:12  Supply Depot  
  151  10:13  Supply Depot  
  154  10:15  Supply Depot  
  154  10:16  Liberator  
  154  10:20  Hellion  
  156  10:27  Hellion  
  155  10:33  Hellion x2  
  155  10:34  Cyclone  
  163  10:39  Cyclone, Hellion  
  163  10:42  Refinery  
  152  10:50  Refinery  
  152  10:51  Hellion x2  
  152  10:55  Hellion  
  158  10:59  Liberator  
  158  11:00  Cyclone  
  158  11:04  Hellion  
  156  11:06  Hellion  
  123  11:11  Hellion  
  123  11:12  Hellion  
  123  11:15  Liberator  
  128  11:22  Missile Turret  
  128  11:23  SCV x2, Missile Turret  
  130  11:29  SCV  
  132  11:35  SCV  
  132  11:39  Hellion x2, Cyclone x3  
  135  11:49  Hellion  
  135  11:51  SCV x2  
  135  11:52  SCV  
  132  12:00  Factory  
  132  12:02  Factory  
  132  12:04  SCV  
  132  12:05  SCV  
  134  12:11  Supply Depot, Cyclone x2  
  140  12:16  Cyclone  
  140  12:17  Hellion  
  131  12:31  Hellion x2  
  131  12:32  SCV x3  
  117  12:51  SCV x3  
Tags
 
Add a new tag
Caveats
  • Supply blocks, unpowered buildings, or Contaminate may cause inaccurate times.
  • Supply counts are checked every 10 seconds.